 Dungeon Sprint DCSS version bcrawl-1.12-11-gb93c957c58 (webtiles) character file.

Game seed: 9136995683011721661

1366 Freyura the Basher (level 8, -4/69 HPs)
             Began as a Demonspawn Monk on June 23, 2019.
             Was a Priest of Makhleb.
             Slain by a two-headed ogre
             ... wielding a cursed +0 giant club
              (8 damage)
             ... in the Dungeon (Sprint IX: "|||||||||||||||||||||||||||||").
             The game lasted 00:04:48 (640 turns).

Freyura the Basher (Demonspawn Monk)                 Turns: 640, Time: 00:04:49

Health: -4/69      AC: 15    Str: 14    XL:     8   Next: 38%
Magic:  0/14       EV: 10    Int: 16    God:    Makhleb [***...]
Gold:   0          SH:  0    Dex: 17    Spells: 7/7 levels left

rFire    . . .     SeeInvis .   q - +2 dire flail (crush)
rCold    + . .     Gourm    .   (shield currently unavailable)
rNeg     . . .     Faith    .   s - +1 chain mail
rPois    .         Spirit   +   r - +0 helmet
rElec    .         Reflect  .   (no cloak)
rCorr    .         Harm     .   (no gloves)
MR       .....     NoTele   +   (no boots)
Stlth    ..........             d - amulet of guardian spirit
HPRegen  0.21/turn              t - +3 ring of intelligence
MPRegen  0.14/turn              u - +3 ring of strength

@: no status effects
A: hooves 2, slimy green scales 1, cold resistance 1
a: Minor Destruction, Lesser Servant of Makhleb, Renounce Religion


You were in the Dungeon.
You worshipped Makhleb.
Makhleb was most pleased with you.
You were not hungry.

You visited 1 branch

Inventory:

Hand Weapons
 a - a +0 mace
 p - the +2 rapier of Joyful Slaughter {venom, rC- rN+ Dex+4}
   (You found it in the Dungeon)

   It poisons the flesh of those it strikes.
   It affects your dexterity (+4).
   It makes you vulnerable to cold.
   It protects you from negative energy.
 q - a +2 dire flail of crushing (weapon)
Armour
 b - a +0 robe
 c - a +0 hat
 r - a +0 helmet (worn)
 s - a +1 chain mail (worn)
Jewellery
 d - an amulet of guardian spirit (around neck)
 t - a +3 ring of intelligence (left hand)
 u - a +3 ring of strength (right hand)
Wands
 o - a wand of iceblast (10)
Scrolls
 k - 2 scrolls of blinking
 m - 3 scrolls of remove curse
 n - 2 scrolls of amnesia
Potions
 e - 5 potions of curing
 h - a potion of haste
 i - 2 potions of magic
 j - a potion of invisibility
Comestibles
 f - a ration {!d}


   Skills:
 + Level 8.4 Fighting
 * Level 10.5 Maces & Flails
 + Level 7.3 Armour
 + Level 7.7 Dodging
 - Level 2.0 Stealth
 + Level 8.8 Invocations


You had 7 spell levels left.
You didn't know any spells.
Your spell library was empty.

Dungeon Overview and Level Annotations

Branches:
Dungeon (1/1)

Altars:
Cheibriados
Dithmenos
Elyvilon
Fedhas
Gozag
Hepliaklqana
Kikubaaqudgha
Lugonu
Makhleb
Nemelex Xobeh
Okawaru
Qazlal
Ru
Sif Muna
Trog
Uskayaw
Vehumet
Wu Jian
Xom
Yredelemnul
Zin
The Shining One
Beogh
Jiyva


Innate Abilities, Weirdness & Mutations

You have hoof-like feet.
You are partially covered in slimy green scales. (AC +2)
Your flesh is cold resistant. (rC+)


Message History

The two-headed ogre is moderately wounded.
The two-headed ogre hits you but does no damage.
The two-headed ogre hits you with a +0 giant club!
You barely miss the two-headed ogre. Your kick misses the two-headed ogre.
The two-headed ogre is moderately wounded.
The two-headed ogre closely misses you.
The two-headed ogre hits you with a +0 giant club!
* * * LOW HITPOINT WARNING * * *
You feel much better.
You sock the two-headed ogre! You kick the two-headed ogre.
The two-headed ogre is severely wounded.
The two-headed ogre hits you with a cursed +0 giant club!!
* * * LOW HITPOINT WARNING * * *
The two-headed ogre misses you.
You puncture the two-headed ogre!
The two-headed ogre is almost dead.
The two-headed ogre hits you with a cursed +0 giant club!
* * * LOW HITPOINT WARNING * * *
The two-headed ogre hits you with a +0 giant club!
You die... ▓▓▓▓▓▓▓▓▓▓▓▓▓▓▓▓▓▓▓▓▓▓▓▓ +..cOOO@.....)†...[.)|.. ▓▓▓▓▓▓▓▓▓▓▓▓▓▓▓▓▓▓▓▓▓▓▓▓

You could see a centaur warrior, a two-headed ogre and 2 ogres.

Vanquished Creatures
  A cyclops (D)
  A hippogriff (D)
  2 yaks (D)
  A black bear (D)
  A centaur (D)
  An ogre (D)
  A scorpion (D)
  A wight (D)
  A hound (D)
  A worker ant (D)
  A hobgoblin (D)
  A quokka (D)
  A ball python skeleton (D)
  A frilled lizard (D)
  2 kobolds (D)
  A rat (D)
18 creatures vanquished.

Notes
Turn   | Place    | Note
-------+----------+-------------------------------------------
     0 | D        | Freyura the Demonspawn Monk began the quest for the Orb.
     0 | D        | Reached XP level 1. HP: 18/18 MP: 2/2
    10 | D        | Reached skill level 3 in Maces & Flails
    18 | D        | Reached skill level 1 in Armour
   219 | D        | Noticed a worker ant
   219 | D        | Noticed an ogre
   219 | D        | Noticed a hound
   234 | D        | Killed a hound
   234 | D        | Reached skill level 4 in Maces & Flails
   234 | D        | Gained mutation: You have large cloven feet. [demonic
                  | ancestry]
   234 | D        | Reached XP level 2. HP: 1/25 MP: 0/4
   234 | D        | Reached XP level 3. HP: 2/30 MP: 0/5
   235 | D        | HP: 1/30 [quokka (1)]
   240 | D        | Killed an ogre
   240 | D        | Reached skill level 5 in Fighting
   240 | D        | Reached skill level 6 in Maces & Flails
   240 | D        | Gained mutation: Your flesh is cold resistant. (rC+)
                  | [demonic ancestry]
   240 | D        | Reached XP level 4. HP: 3/39 MP: 6/6
   242 | D        | Gained mutation: You have hoof-like feet. [demonic
                  | ancestry]
   242 | D        | Reached XP level 5. HP: 4/44 MP: 7/7
   252 | D        | Found a roughly hewn altar of Beogh.
   252 | D        | Found a snail-covered altar of Cheibriados.
   252 | D        | Found a shadowy altar of Dithmenos.
   252 | D        | Found a white marble altar of Elyvilon.
   252 | D        | Found a blossoming altar of Fedhas.
   252 | D        | Found an opulent altar of Gozag.
   253 | D        | Found a hazy altar of Hepliaklqana.
   254 | D        | Found a viscous altar of Jiyva.
   255 | D        | Found an ancient bone altar of Kikubaaqudgha.
   256 | D        | Found a corrupted altar of Lugonu.
   257 | D        | Found a burning altar of Makhleb.
   258 | D        | Found a sparkling altar of Nemelex Xobeh.
   259 | D        | Found an iron altar of Okawaru.
   260 | D        | Found a stormy altar of Qazlal.
   261 | D        | Found a sacrificial altar of Ru.
   262 | D        | Found a deep blue altar of Sif Muna.
   263 | D        | Found a bloodstained altar of Trog.
   264 | D        | Found a hide-covered altar of Uskayaw.
   265 | D        | Became a worshipper of Makhleb the Destroyer
   265 | D        | Reached * piety under Makhleb
   265 | D        | Reached ** piety under Makhleb
   266 | D        | Found a radiant altar of Vehumet.
   267 | D        | Found an ornate altar of the Wu Jian Council.
   268 | D        | Found a shimmering altar of Xom.
   269 | D        | Found a basalt altar of Yredelemnul.
   270 | D        | Found a glowing silver altar of Zin.
   271 | D        | Found a glowing golden altar of the Shining One.
   288 | D        | Got the +2 rapier of Joyful Slaughter {venom, rC- rN+
                  | Dex+4}
   525 | D        | Noticed a yak
   525 | D        | Noticed a black bear
   525 | D        | Noticed a yak
   525 | D        | Noticed a hippogriff
   532 | D        | Killed a hippogriff
   532 | D        | Reached skill level 7 in Maces & Flails
   532 | D        | Reached skill level 5 in Armour
   532 | D        | Reached skill level 5 in Dodging
   532 | D        | Reached skill level 5 in Invocations
   532 | D        | Reached XP level 6. HP: 44/53 MP: 4/9
   536 | D        | Killed a yak
   536 | D        | Reached skill level 8 in Maces & Flails
   543 | D        | Reached skill level 9 in Maces & Flails
   543 | D        | Reached XP level 7. HP: 49/60 MP: 4/12
   549 | D        | Killed a yak
   549 | D        | Reached *** piety under Makhleb
   617 | D        | Noticed a centaur warrior
   617 | D        | Noticed a two-headed ogre
   617 | D        | Noticed a cyclops
   630 | D        | Killed a cyclops
   630 | D        | Reached skill level 10 in Maces & Flails
   630 | D        | Gained mutation: You are partially covered in slimy green
                  | scales. (AC +2) [demonic ancestry]
   630 | D        | Reached XP level 8. HP: 57/69 MP: 7/14
   640 | D        | Slain by a two-headed ogre

Skill      XL: |  1  2  3  4  5  6  7 |
---------------+----------------------+-----
Maces & Flails | 4 6 7 9 10 | 10.5
Armour         | 2 3 5 6 7 |  7.3
Dodging        | 3 4 5 6 7 |  7.7
Fighting       | 4 5 6 7 8 |  8.4
Invocations    | 5 6 8 |  8.8
Stealth        | |  2.0

Action                   |  1- 3 |  4- 6 |  7- 9 || total
-------------------------+-------+-------+-------++-------
Melee: Mace              |    31 |     2 |       ||    33
       Kick              |     1 |     7 |    10 ||    18
       Dire flail        |       |    18 |    27 ||    45
  Use: Potion            |     3 |       |     3 ||     6
Armor: Robe              |     3 |     1 |       ||     4
       Chain mail        |       |    17 |     7 ||    24
Dodge: Dodged            |    19 |     7 |    10 ||    36
